 Dungeon Crawl Stone Soup version 0.26-a0-1035-g76280ab330 (webtiles) character file.

Game seed: 16260546960139234466

3 Dracia the Sneak (level 1, -9/18 HPs)
             Began as a Merfolk Delver on Dec 10, 2020.
             Was an Initiate of Okawaru.
             Killed by divine providence
             ... invoked by an orc priest
              (11 damage)
             ... on level 5 of the Dungeon.
             The game lasted 00:01:17 (135 turns).

Dracia the Sneak (Merfolk Delver)                    Turns: 135, Time: 00:01:18

Health: -9/18      AC:  3    Str: 12    XL:     1   Next: 50%
Magic:  1/1        EV: 12    Int:  9    God:    Okawaru [......]
Gold:   0          SH:  0    Dex: 15    Spells: 0/0 levels left

rFire    . . .     SeeInvis .   a - +0 spear
rCold    . . .     Faith    .   (no shield)
rNeg     . . .     Spirit   .   b - +0 leather armour
rPois    .         Reflect  .   (no helmet)
rElec    .         Harm     .   (no cloak)
rCorr    .         Rampage  .   (no gloves)
Will     .....                  (no boots)
Stlth    +.........             (no amulet)
HPRegen  0.06/turn              (no ring)
MPRegen  0.07/turn              (no ring)

@: glowing
A: change form in water, swift swim, stealthy swim
a: Renounce Religion


You were on level 5 of the Dungeon.
You worshipped Okawaru.
Okawaru was noncommittal.
You visited 2 branches of the dungeon, and saw 3 of its levels.


   Skills:
 - Level 3.2 Fighting
 + Level 3.2 Polearms
 - Level 2.6 Dodging
 + Level 5.5 Stealth


You couldn't memorise any spells.
You didn't know any spells.
Your spell library was empty.

Inventory:

Hand Weapons
 a - a +0 spear (weapon)
Armour
 b - a +0 leather armour (worn)
Wands
 g - a wand of digging (3)
Scrolls
 c - a scroll of fog
 d - a scroll of magic mapping
Potions
 f - a potion of haste {@q3@q3}
 h - a potion of brilliance {unknown}

Dungeon Overview and Level Annotations

Branches:
Dungeon (5/15)             Temple (1/1) D:4

Altars:
Hepliaklqana
Nemelex Xobeh
Okawaru
Vehumet
Wu Jian
The Shining One

...$....'.Y{.............
..o.#...#######.#.#######
....#.../.....:......#
.........#####...<...#
.........# #.....#.#
.........######.#..#+##
....##.o....# ##......#
.rY. ###....####.#....###
.>. +.Zgg@.........?.##
.. #....#######..(#..#
#....# ######.## #....#
#....# #....# #....#
#....# #....## #....#
#.....# ###### #...#.##
#...#..#


You could see a gnoll shaman, an orc priest, a gnoll (fast) and a quokka
skeleton.


Message History

Reactivating autopickup.
A gnoll comes into view. It is wielding a +0 spear.
The orc wizard casts a spell.
The orc wizard flickers and vanishes!
Deactivating autopickup; reactivate with Ctrl-A.
The orc wizard gestures wildly while chanting.
The orc wizard flickers and vanishes!
A gnoll shaman comes into view. It is wielding a +0 club.
The sky beast flickers out of sight!
Found a shiny iron wand.
Found a stone staircase leading down.
A quokka skeleton comes into view.
Cornered, the orc priest turns to fight!
The gnoll shaman invokes the aid of its god against you.
You are outlined in light.
The quokka skeleton bites you.
The gnoll shaman calls upon its god to speed up something.
The quokka skeleton barely misses you.
The quokka skeleton bites you but does no damage.
You barely miss the quokka skeleton. The quokka skeleton closely misses you.
You hit the quokka skeleton.
The quokka skeleton is severely damaged.
The quokka skeleton barely misses you.
The orc priest mumbles some strange prayers to Beogh against you.
Beogh smites you!
Ouch! That really hurt!
* * * LOW HITPOINT WARNING * * *
The orc priest mumbles some strange prayers to Beogh against you.
Beogh smites you!
Ouch! That really hurt!
You die...

Action                   || total
-------------------------++-------
Melee: Spear             ||     5
  Use: Scroll            ||     1
 Stab: Sleeping          ||     1
Armor: Leather armour    ||     2
Dodge: Dodged            ||     5

Levels and vault maps discovered:
D:4:      layout_loops_ring, minmay_temple_entry_from_below_a,
          serial_bayou_pond_e, led_xom_imps
D:5:      layout_basic
Temple:   regret_index_temple_waves

Notes
Turn   | Place    | Note
-------+----------+-------------------------------------------
     0 | D:5      | Dracia the Merfolk Delver began the quest for the Orb.
     0 | D:5      | Reached XP level 1. HP: 18/18 MP: 1/1
     1 | D:5      | Noticed a scorpion
    24 | D:5      | Noticed a sky beast
    28 | D:5      | Noticed a sky beast
    51 | D:4      | Found a staircase to the Ecumenical Temple.
    57 | Temple   | Entered the Ecumenical Temple
    75 | Temple   | Became a worshipper of Warmaster Okawaru
   117 | D:5      | Noticed an orc wizard
   117 | D:5      | Noticed an orc priest
   117 | D:5      | Noticed an orc wizard
   118 | D:5      | Noticed an ice beast
   120 | D:5      | Noticed a gnoll shaman
   135 | D:5      | Killed from afar by an orc priest

Vanquished Creatures
  An adder skeleton (D:5)
1 creature vanquished.

Table legend: (Time is in decaauts)
 A = Elapsed time spent in this place.
 B = Non-inter-level travel time spent in this place.
 C = Inter-level travel time spent in this place.
 D = Time resting spent in this place.
 E = Time spent auto-exploring this place.
 F = Levels seen in this place.
 G = Mean time per level.
                   A        B        C        D        E       F      G
               +--------+--------+--------+--------+--------+-----+--------+
         Total |    134 |    121 |     13 |     13 |     15 |   3 |   44.7 |
       Dungeon |    101 |    101 |      0 |     13 |      1 |   2 |   50.5 |
        Temple |     32 |     19 |     13 |      0 |     14 |   1 |   32.0 |
               +--------+--------+--------+--------+--------+-----+--------+

Top non-repeatable levels by time:
     D:5: 67 daAuts
     D:4: 34 daAuts
  Temple: 32 daAuts

Table legend:
 A = Non-vault XP
 B = Vault XP
 C = Vault XP percentage of total XP
 D = Non-vault monster count
 E = Vault monster count
 F = Vault count percentage of total count
                 A         B        C        D         E       F
            +---------+---------+-------+---------+---------+-------
      Total |       5 |       0 |   0.0 |       1 |       0 |   0.0
            +---------+---------+-------+---------+---------+-------
        D:5 |       5 |       0 |   0.0 |       1 |       0 |   0.0
            +---------+---------+-------+---------+---------+-------
